 Dungeon Crawl Stone Soup version 0.30-a0-1157-g2cc9ac7196 (webtiles) character file.

Game seed: 5298297249860168492

2233 iamoutofideas the Cleaver (level 9, -16/66 (78) HPs)
             Began as a Hill Orc Reaver on Apr 25, 2023.
             Killed from afar by an acid dragon (26 damage)
             ... with a splash of acid
             ... on level 5 of the Dungeon.
             The game lasted 00:09:46 (5488 turns).

iamoutofideas the Cleaver (Hill Orc Reaver)         Turns: 5488, Time: 00:09:46

HP:   -16/66 (78)   AC:  4    Str: 19    XL:     9   Next: 36%
MP:   11/11         EV: 11    Int: 13    God:
Gold: 192           SH:  0    Dex:  9    Spells: 5/11 levels left

rFire   + . .        a - +0 hand axe
rCold   . . .        (no shield)
rNeg    . . .        y - +3 ring mail of Geqiffin {rF+ Will+}
rPois   .            l - +0 helmet
rElec   .            (no cloak)
rCorr   .            h - +1 pair of gloves
SInv    .            (no boots)
Will    +....        n - amulet of regeneration Stlth
                     e - ring of wizardry
HPRegen 1.11/turn    g - ring of wizardry
MPRegen 0.12/turn

%: wizardry (x2)
@: confused, ambrosia-drunk, corroded, heavily drained
A: no striking features
a: no special abilities


You were on level 5 of the Dungeon.
You visited 1 branch of the dungeon, and saw 6 of its levels.
You also visited: Ossuary.

You collected 218 gold pieces.
You spent 26 gold pieces at shops.

Inventory:

Hand Weapons
 a - a +0 hand axe (weapon)
Missiles
 m - 4 throwing nets
Armour
 h - a +1 pair of gloves (worn)
 l - a +0 helmet (worn)
 y - the +3 ring mail of Geqiffin (worn) {rF+ Will+}
   (You found it on level 4 of the Dungeon)

   rF:        It protects you from fire.
   Will:      It increases your willpower.
Jewellery
 e - a ring of wizardry (left hand)
 f - a ring of ice
 g - a ring of wizardry (right hand)
 n - an amulet of regeneration (around neck)
 x - a ring of ice
Scrolls
 b - a scroll of identify
 c - 2 scrolls of poison
 i - 8 scrolls of teleportation
 v - a scroll of immolation
Potions
 d - 3 potions of might
 j - a potion of cancellation
 k - a potion of haste
 o - a potion of resistance
 q - a potion of attraction
 r - a potion of flight {unknown}
 s - a potion of lignification


   Skills:
 + Level 6.5 Fighting
 + Level 11.2 Axes
 + Level 6.2 Armour
 + Level 3.9 Dodging
 + Level 1.6 Spellcasting
 + Level 3.3 Conjurations


You had 5 spell levels left.
You knew the following spells:

 Your Spells              Type           Power      Damage    Failure   Level
a - Kiss of Death         Conj/Necr      20%        2d7       6%          1
b - Momentum Strike       Conj/Tloc      10%        3d8       9%          2
c - Hailstorm             Conj/Ice       5%         3d4       17%         3

Your spell library contained the following spells:

 Spells                   Type           Power      Damage    Failure   Level


Dungeon Overview and Level Annotations

Branches:
Dungeon (6/15)            Ossuary (visited)
 Temple: D:4-7

Altars:
Makhleb
Okawaru
Wu Jian

Shops:
D:5 ?*[

Annotations:
D:4 exclusion: downstairs


Message History

The acid dragon bites you. The acid dragon claws you.
You barely miss the acid dragon.
The acid dragon is severely wounded.
You closely miss the gnoll bouda.
A gnoll comes into view. It is wielding a +0 spear.
You hit the acid dragon but do no damage.
The acid dragon is severely wounded.
You closely miss the gnoll bouda.
Your attacks no longer feel as feeble.
The acid dragon spits acid at you. The splash of acid hits you!!
* * * LOW HITPOINT WARNING * * *
The gnoll bouda closely misses you.
Okay, then.
Really quaff the potion of lignification?
Okay, then.
You are confused.
You feel invigorated.
The acid dragon bites you but does no damage.
The acid dragon claws you.
* * * LOW HITPOINT WARNING * * *
The gnoll bouda closely misses you.
Unknown command.
The acid dragon attacks as you move away!
The acid dragon bites you!
* * * LOW HITPOINT WARNING * * *
The acid dragon barely misses you.
The gnoll bouda hits you with a +0 club.
* * * LOW HITPOINT WARNING * * *
The acid dragon attacks as you move away!
The acid dragon bites you.
* * * LOW HITPOINT WARNING * * *
The acid dragon claws you but does no damage.
The gnoll bouda attacks as you move away!
The gnoll bouda barely misses you.
You hit the acid dragon but do no damage.
The acid dragon is severely wounded.
The acid dragon spits acid at you. The splash of acid hits you!!
You die...

####### ###########
#.....######## ..........#
#.#...........
#########.####.#.##########
#....†.....#........
#######.#.######.#........
........#.# #..#........
######..#.#####..#...g....
#..#.......@#........
######..########D#........
......o. #g'g.......
######.####### #.#........
#....o..........#########
#.# #o# ###.. ##.###.# #..
#...##.# #..# .###.#.# #..#


You could see an acid dragon (catching breath, drained) and a gnoll bouda.

Vanquished Creatures
  4 yaks (D:5)
  3 black bears
  2 sky beasts (D:6)
  2 ogres
  A kobold brigand (D:5)
  3 scorpions
  5 water moccasin zombies (Ossuary)
  A howler monkey (D:5)
  3 hounds
  A gnoll bouda (D:6)
  A sleepcap (D:4)
  3 iguanas
  An orc wizard (D:4)
  2 mummies (Ossuary)
  5 gnolls
  5 adders
  An ufetubus (D:5)
  An adder zombie (Ossuary)
  A dart slug (D:5)
  9 orcs
  9 ball pythons
  9 endoplasms
  3 giant cockroaches
  12 goblins
  13 hobgoblins
  3 jackals
  9 kobolds
  A quokka (D:3)
  10 bats
  3 frilled lizards (D:2)
  3 gnoll zombies (Ossuary)
  7 hobgoblin zombies (Ossuary)
  3 kobold zombies (Ossuary)
  5 orc zombies (Ossuary)
  9 rats
153 creatures vanquished.

Notes
Turn   | Place    | Note
-------+----------+-------------------------------------------
     0 | D:1      | iamoutofideas the Hill Orc Reaver began the quest for the
                  | Orb.
     0 | D:1      | Reached XP level 1. HP: 18/18 MP: 3/3
   127 | D:1      | Reached XP level 2. HP: 25/25 MP: 4/4
   505 | D:1      | Reached XP level 3. HP: 30/30 MP: 5/5
   995 | D:2      | Reached skill level 5 in Axes
  1058 | D:2      | Reached XP level 4. HP: 32/37 MP: 6/6
  1595 | D:3      | Found a burning altar of Makhleb.
  1695 | D:3      | Reached skill level 6 in Axes
  1803 | D:3      | Found an iron altar of Okawaru.
  2263 | D:4      | Found a sand-covered staircase.
  2389 | Ossuary  | Entered an ossuary
  2405 | Ossuary  | Learned a level 2 spell: Momentum Strike
  2417 | Ossuary  | Learned a level 3 spell: Hailstorm
  2444 | Ossuary  | Reached skill level 7 in Axes
  2444 | Ossuary  | Reached XP level 5. HP: 27/44 MP: 7/7
  2531 | Ossuary  | Reached skill level 1 in Armour
  2565 | Ossuary  | Reached XP level 6. HP: 51/51 MP: 8/8
  2648 | Ossuary  | Reached skill level 8 in Axes
  2974 | D:4      | Reached XP level 7. HP: 47/51 MP: 7/9
  3240 | D:4      | Identified the +3 ring mail of Geqiffin {rF+ Will+}
  3433 | D:5      | Entered Level 5 of the Dungeon
  3514 | D:5      | Found Viboumar's Armour Emporium.
  3615 | D:4      | Reached skill level 9 in Axes
  3746 | D:5      | Reached XP level 8. HP: 67/67 MP: 10/10
  3773 | D:5      | Found Sauxuim's Neck Hole.
  3904 | D:5      | Reached skill level 5 in Fighting
  3941 | D:4      | Reached skill level 10 in Axes
  3978 | D:5      | Noticed a yak
  4064 | D:5      | Found an ornate altar of the Wu Jian Council.
  4254 | D:5      | Found Jeoggin's Magic Scroll Shoppe.
  4301 | D:6      | Reached skill level 5 in Armour
  4516 | D:6      | Noticed a yak
  4516 | D:6      | Noticed a yak
  4517 | D:6      | Noticed a yak
  4519 | D:6      | Noticed a yak
  4555 | D:5      | Killed a yak
  4556 | D:5      | Reached XP level 9. HP: 45/75 MP: 11/11
  4911 | D:5      | Reached skill level 11 in Axes
  5357 | D:5      | Bought a scroll of identify for 26 gold pieces
  5486 | D:5      | HP: 1/66 [acid dragon (7)]
  5488 | D:5      | Killed from afar by an acid dragon

Illustrated notes

Levels and vault maps discovered:
D:1:      dpeg_arrival_court, layout_basic, chequers_avenue
D:2:      layout_rooms, skrybe_limestone_x, minmay_close_crescents
D:3:      layout_loops_ring, okawaru_metal_pillars_1_2, lightli_temple_of_fire,
          grunt_ministairs_15
D:4:      layout_cave_pools, enter_ossuary_1
D:5:      cheibrodos_fzero, layout_loops_ring, pdpol_wu_jian_five_deadly_venoms,
          serial_shops, nicolae_shop_rolling_square, minivault_25,
          nrook_mini_vaults, nicolae_stop_n_shop_2,
          nicolae_shop_sticking_my_neck_out
D:6:      layout_basic, yredelemnul_forgotten_temple_becter,
          minmay_temple_entry_waves, uniq_pikel

Skill      XL: |  1  2  3  4  5  6  7  8  9 |
---------------+----------------------------+-----
Axes           | 5 7 8 9 10 11 | 11.2
Fighting       | 3 4 5 6 |  6.5
Armour         | 1 2 3 5 6 |  6.2
Dodging        | 2 3 |  3.9
Spellcasting   | |  1.6
Conjurations   | |  3.3

Action                     |  1- 3 |  4- 6 |  7- 9 || total
---------------------------+-------+-------+-------++-------
  Melee: Hand axe          |   108 |   259 |   410 ||   777
         Punch             |     3 |     4 |    11 ||    18
   Cast: Kiss of Death     |       |     2 |     1 ||     3
    Use: Scroll            |       |     7 |     8 ||    15
         Potion            |       |     2 |     7 ||     9
 Armour: Leather armour    |    44 |    45 |     2 ||    91
         Skin              |       |     8 |     3 ||    11
         Ring mail         |       |       |   174 ||   174
  Dodge: Dodged            |    52 |   124 |   206 ||   382

Table legend: (Time is in decaauts)
 A = Elapsed time spent in this place.
 B = Non-inter-level travel time spent in this place.
 C = Inter-level travel time spent in this place.
 D = Time resting spent in this place.
 E = Time spent auto-exploring this place.
 F = Levels seen in this place.
 G = Mean time per level.
                   A        B        C        D        E       F      G
               +--------+--------+--------+--------+--------+-----+--------+
         Total |   5388 |   5243 |    145 |   1305 |   2466 |   7 |  769.7 |
       Dungeon |   4907 |   4762 |    145 |   1178 |   2403 |   6 |  817.8 |
       Ossuary |    481 |    481 |      0 |    127 |     63 |   1 |  481.0 |
               +--------+--------+--------+--------+--------+-----+--------+

Top non-repeatable levels by time:
     D:5: 1491 daAuts
     D:4: 947 daAuts
     D:3: 803 daAuts
     D:1: 759 daAuts
     D:2: 648 daAuts
 Ossuary: 481 daAuts
     D:6: 256 daAuts
